 Dungeon Crawl Stone Soup version 0.30.1-11-g7821555f0a (webtiles) character file.

Game seed: 9913030575962417888

3490 Hallewes the Cleaver (level 9, 0/77 (79) HPs)
             Began as a Minotaur Fighter on Oct 28, 2023.
             Was a Priest of Trog.
             Slain by a wyvern (7 damage)
             ... on level 8 of the Dungeon.
             The game lasted 00:33:52 (4389 turns).

Hallewes the Cleaver (Minotaur Fighter)             Turns: 4389, Time: 00:33:52

HP:   0/77 (79)     AC: 10    Str: 32    XL:     9   Next: 80%
MP:   8/8           EV: 10    Int: 11    God:    Trog [***...]
Gold: 178           SH:  6    Dex:  9    Spells: 8/8 levels left

rFire   . . .        a - +0 war axe
rCold   . . .        c - +1 buckler
rNeg    . . .        j - +0 chain mail
rPois   .            (helmet restricted)
rElec   .            (no cloak)
rCorr   .            (no gloves)
SInv    .            (no boots)
Will    .....        (no amulet) Stlth
                     g - +6 ring of intelligence
HPRegen 0.32/turn    q - +6 ring of strength
MPRegen 0.11/turn

%: no passive effects
@: lethally poisoned (0 -> -3), about to teleport, on berserk cooldown, slowed,
lightly drained, very slow
A: horns 2, retaliatory headbutt
a: Renounce Religion, Berserk, Trog's Hand


You were on level 8 of the Dungeon.
You worshipped Trog.
Trog was most pleased with you.
You visited 1 branch of the dungeon, and saw 8 of its levels.
You also visited: Bailey.

You collected 228 gold pieces.
You spent 50 gold pieces at shops.

Inventory:

Hand Weapons
 a - a +0 war axe (weapon)
 n - a +0 broad axe
 z - a +2 trident of venom
 A - a +3 short sword of freezing
Missiles
 d - 26 boomerangs (quivered)
Armour
 c - a +1 buckler (worn)
 j - a +0 chain mail (worn)
 m - a +2 leather armour of fire resistance
 w - a +2 robe of positive energy
Jewellery
 g - a +6 ring of intelligence (left hand)
 q - a +6 ring of strength (right hand)
Wands
 r - a wand of flame (11)
 x - a wand of iceblast (5)
Scrolls
 k - a scroll of teleportation
 l - a scroll of noise
 s - 3 scrolls of amnesia {unknown}
 v - 3 scrolls of identify
 y - a scroll of enchant weapon {unknown}
 B - a scroll of poison
 C - a scroll of brand weapon {unknown}
Potions
 b - a potion of degeneration {unknown}
 e - a potion of cancellation
 f - 3 potions of haste {unknown}
 h - a potion of resistance {unknown}
 i - 2 potions of brilliance {unknown}
 o - a potion of ambrosia {unknown}
 p - 3 potions of curing {unknown}
 t - 5 potions of flight
 u - a potion of lignification


   Skills:
 + Level 7.2 Fighting
 + Level 12.3 Axes
 + Level 2.1 Throwing
 + Level 7.6 Armour
 + Level 2.7 Dodging
 + Level 0.2 Stealth
 + Level 6.5 Shields


You had 8 spell levels left.
You didn't know any spells.
Your spell library contained the following spells:

 Spells                   Type           Power      Damage    Failure   Level
 Ensorcelled Hibernation  Hex/Ice        0%         N/A       90%         2
 Passwall                 Tmut/Erth      0%         N/A       90%         2
 Swiftness                Air            0%         N/A       99%         3


Dungeon Overview and Level Annotations

Branches:
Dungeon (8/15)               Lair (0/5) D:8          Bailey (visited)
 Temple: D:4-7

Altars:
Kikubaaqudgha
Sif Muna
Trog
Yredelemnul
Zin

Shops:
D:1 =   D:4 *


Innate Abilities, Weirdness & Mutations

You have a pair of horns on your head.
You reflexively headbutt those who attack you in melee.


Message History

You block the killer bee's attack. The killer bee misses you.
A bullfrog comes into view.
The warg barely misses you. The warg bites you. You block the wyvern's attack.
A yak comes into view.
The killer bee stings you but does no damage.
You block the killer bee's attack.
The yak bellows!
You slash the killer bee!
You kill the killer bee!
Trog accepts your kill.
You slice the killer bee!!
You kill the killer bee!
Trog accepts your kill.
You barely miss the wyvern. You slash the warg! You barely miss the warg.
You completely miss the kobold brigand. You slice the orc!!
You kill the orc!
Trog accepts your kill.
You feel sick. The warg bites you! The warg bites you.
* * * LOW HITPOINT WARNING * * *
The wyvern bites you.
* * * LOW HITPOINT WARNING * * *
You are too berserk!
You closely miss the wyvern.
The wyvern is severely wounded.
You hit the warg. You barely miss the warg.
You closely miss the kobold brigand.
You are no longer berserk.
You are exhausted.
You feel yourself slow down.
You feel sick. The warg barely misses you. The warg bites you.
* * * LOW HITPOINT WARNING * * *
The kobold throws a stone.
The stone hits you but does no damage.
The kobold brigand hits you with a +2 dagger of draining.
* * * LOW HITPOINT WARNING * * *
You feel drained.
* * * LOW HITPOINT WARNING * * *
The wyvern closely misses you.
As you read the scroll of teleportation, it crumbles to dust.
You feel strangely unstable.
You feel sick. The wyvern bites you!
You die...

..##.........##
..#.......P...#
...............
........>....?.
...........P...
#..P........#
#..h)K.$..#
#K@l..#
......KKh......
......YK.......
...............
...F...........
..............#
..?....Y......#
..............#


You could see 2 yaks, 2 wargs, a wyvern, a kobold brigand, a bullfrog and 4
kobolds.

Vanquished Creatures
  An orc knight (Bailey)
  An unseen horror zombie (D:7)
  Eustachio (D:6)
  A warg (D:8)
  A water moccasin (D:4)
  A sky beast (D:7)
  2 ice beasts (D:5)
  8 orc warriors (Bailey)
  An ogre (D:6)
  A phantom (D:7)
  A scorpion (D:5)
  5 wights (D:7)
  6 killer bees (D:8)
  A centaur zombie (D:7)
  A human zombie (D:7)
  2 orc priests
  A bullfrog zombie (D:7)
  A hound (D:5)
  2 jellies (D:5)
  A gnoll bouda (D:5)
  2 sleepcaps (D:5)
  3 iguanas
  2 orc wizards
  3 mummies (D:7)
  4 adders
  9 gnolls
  A shadow imp (D:7)
  2 ufetubi
  3 dart slugs
  10 orcs
  4 endoplasms
  6 giant cockroaches
  7 goblins
  2 hobgoblins
  3 jackals (D:2)
  2 quokkas (D:2)
  2 bats (D:1)
  22 kobolds
  3 rats
129 creatures vanquished.

Notes
Turn   | Place    | Note
-------+----------+-------------------------------------------
     0 | D:1      | Hallewes the Minotaur Fighter began the quest for the Orb.
     0 | D:1      | Reached XP level 1. HP: 19/19 MP: 0/0
    23 | D:1      | Found Mahaosk's Jewellery Shop.
   299 | D:1      | Reached XP level 2. HP: 27/27 MP: 1/1
   586 | D:2      | Reached XP level 3. HP: 26/33 MP: 2/2
   604 | D:2      | Reached skill level 3 in Axes
   690 | D:3      | Reached XP level 4. HP: 31/40 MP: 3/3
   853 | D:4      | Found an ancient bone altar of Kikubaaqudgha.
   857 | D:4      | Found a bloodstained altar of Trog.
   866 | D:4      | Became a worshipper of Trog the Wrathful
   911 | D:4      | Found Quget's General Store.
   915 | D:4      | Reached skill level 4 in Axes
   924 | D:4      | Bought a scroll of noise for 10 gold pieces
   924 | D:4      | Bought a potion of might for 40 gold pieces
   952 | D:4      | Noticed a water moccasin
   967 | D:4      | Killed a water moccasin
   968 | D:4      | Reached skill level 5 in Axes
   968 | D:4      | Reached skill level 1 in Dodging
   968 | D:4      | Reached XP level 5. HP: 47/47 MP: 4/4
  1374 | D:5      | Entered Level 5 of the Dungeon
  1376 | D:5      | Noticed an ice beast
  1387 | D:5      | Killed an ice beast
  1388 | D:5      | Reached skill level 6 in Axes
  1388 | D:5      | Reached XP level 6. HP: 37/53 MP: 5/5
  1776 | D:5      | Noticed an ice beast
  1784 | D:5      | Killed an ice beast
  1785 | D:5      | Reached skill level 5 in Fighting
  1785 | D:5      | Reached skill level 7 in Axes
  1785 | D:5      | Reached skill level 5 in Shields
  1785 | D:5      | Reached XP level 7. HP: 61/61 MP: 6/6
  1936 | D:5      | Reached * piety under Trog
  2078 | D:5      | Found a glowing silver altar of Zin.
  2241 | D:6      | Reached skill level 8 in Axes
  2241 | D:6      | Reached skill level 5 in Armour
  2491 | D:6      | Noticed Eustachio
  2518 | D:6      | Killed Eustachio
  2703 | D:7      | Reached XP level 8. HP: 54/69 MP: 7/7
  2800 | D:7      | Found a flagged portal.
  2814 | Bailey   | Entered a bailey
  2825 | Bailey   | Noticed an orc knight
  2838 | Bailey   | Reached skill level 9 in Axes
  2919 | Bailey   | Reached skill level 1 in Throwing
  3046 | Bailey   | Reached skill level 10 in Axes
  3047 | Bailey   | Reached ** piety under Trog
  3264 | Bailey   | Killed an orc knight
  3265 | Bailey   | Reached XP level 9. HP: 18/78 MP: 8/8
  3788 | D:7      | Reached skill level 11 in Axes
  4014 | D:7      | Found a basalt altar of Yredelemnul.
  4116 | D:7      | Found a shimmering blue altar of Sif Muna.
  4372 | D:8      | Found a staircase to the Lair.
  4383 | D:8      | Reached skill level 12 in Axes
  4387 | D:8      | Reached *** piety under Trog
  4389 | D:8      | Slain by a wyvern

Illustrated notes

Levels and vault maps discovered:
D:1:      giann_bridges, layout_loops_corners,
          hellmonk_ecumenical_altar_pennies_from_heaven, serial_shops, shop
D:2:      layout_basic, serial_bayou_lagoon_b
D:3:      kennysheep_slugbush, layout_basic
D:4:      layout_rooms, mainiacjoe_overflow_divided_tiny, serial_shops, shop,
          hangedman_abyss_or_decor_stagger
D:5:      layout_basic, zin_statuary
D:6:      layout_loops_corners, minmay_temple_entry_waves, serial_shops, shop,
          uniq_eustachio
D:7:      layout_loops_cross, led_sif_pool, lemuel_mausoleum_altar_yredelemnul,
          enter_bailey_5, grunt_ministairs_5, minmay_misc_feat_pillars
D:8:      gammafunk_the_bubble [the_bubble_gammafunk_grid], layout_gridville,
          general_overflow_altar, okawaru_metal_pillars_1_2,
          mainiacjoe_overflow_alcove_4, erik_lair_orcish_takeover,
          corexii_leaking_fountain, hangedman_decor_growths

Skill      XL: |  1  2  3  4  5  6  7  8  9 |
---------------+----------------------------+-----
Armour         | 4 5 7 |  7.6
Fighting       | 4 5 6 7 |  7.2
Shields        | 4 5 6 |  6.5
Axes           | 3 5 6 7 8 10 12 | 12.3
Dodging        | 1 2 |  2.7
Throwing       | 1 2 |  2.1
Stealth        | |  0.2

Action                     |  1- 3 |  4- 6 |  7- 9 || total
---------------------------+-------+-------+-------++-------
  Melee: War axe           |    60 |    65 |   207 ||   332
         Headbutt          |     4 |    12 |    28 ||    44
  Throw: Javelin           |       |       |     6 ||     6
         Boomerang         |       |       |     8 ||     8
 Invoke: Berserk           |       |       |     1 ||     1
    Use: Scroll            |     6 |     3 |     3 ||    12
         Potion            |     1 |     4 |     1 ||     6
 Armour: Scale mail        |    36 |       |       ||    36
         Skin              |       |    16 |       ||    16
         Chain mail        |       |    33 |    73 ||   106
  Dodge: Dodged            |    28 |    18 |    92 ||   138
  Block: Buckler           |    21 |    17 |    79 ||   117
